 Dungeon Crawl Stone Soup version 0.31-a0-1074-g0b22e4e0f1 (webtiles) character file.

Game seed: 16673816372788506766

15 Anonymone the Stinger (level 2, 19/19 HPs)
             Began as a Demonspawn Venom Mage on Dec 8, 2023.
             Quit the game on level 1 of the Dungeon.
             The game lasted 00:01:35 (392 turns).

Anonymone the Stinger (Demonspawn Venom Mage)        Turns: 392, Time: 00:01:36

Health: 19/19      AC:  4    Str:  8    XL:     2   Next: 34%
Magic:  2/5        EV: 11    Int: 16    God:
Gold:   19         SH:  0    Dex: 13    Spells: 4/5 levels left

rFire   . . .        e - +0 whip
rCold   . . .        (no shield)
rNeg    . . .        d - +0 leather armour
rPois   .            (helmet restricted)
rElec   .            (no cloak)
rCorr   .            (no gloves)
SInv    .            c - +0 pair of boots
Will    .....        (no amulet)
Stlth   ++           (no ring)
HPRegen 0.23/turn    (no ring)
MPRegen 0.09/turn

%: no passive effects
@: no status effects
A: antennae 1
a: no special abilities


You were on level 1 of the Dungeon.
You visited 1 branch of the dungeon, and saw 1 of its levels.

You collected 19 gold pieces.

Inventory:

Hand Weapons
 e - a +0 whip (weapon)
Armour
 a - a +0 robe
 c - a +0 pair of boots (worn)
 d - a +0 leather armour (worn)
Potions
 b - a potion of magic
 f - a potion of attraction {unknown}
 g - a potion of lignification {unknown}
 h - a potion of curing {unknown}


   Skills:
 * Level 0.7 Armour
 - Level 1.8 Dodging
 - Level 1.8 Stealth
 + Level 2.2 Spellcasting
 - Level 1.0 Transmutations
 * Level 3.2 Poison Magic


You had 4 spell levels left.
You knew the following spells:

 Your Spells              Type           Power      Damage    Failure   Level
a - Sting                 Tmut/Pois      32%        1d4       12%         1

Your spell library contained the following spells:

 Spells                   Type           Power      Damage    Failure   Level
 Poisonous Vapours        Pois/Air       12%        N/A       22%         2
 Mephitic Cloud           Conj/Pois/Air  5%         N/A       50%         3
 Olgreb's Toxic Radiance  Pois           12%        N/A       58%         4


Dungeon Overview and Level Annotations

Branches:
Dungeon (1/15)

Altars:


Innate Abilities, Weirdness & Mutations

You have a pair of small antennae on your head.


Message History

The ball python grabs you. The ball python constricts you.
The sting hits the ball python.
The ball python is poisoned.
The ball python is severely wounded.
The jackal barks!
You kill the ball python!
You hit the goblin.
The goblin is moderately wounded.
The goblin hits you but does no damage.
You hit the goblin.
You kill the goblin!
The jackal closely misses you.
You hit the jackal.
The jackal is severely wounded.
The jackal closely misses you.
The jackal bites you but does no damage.
The jackal barely misses you.
You miss the jackal.
The jackal is heavily wounded.
The jackal closely misses you.
The jackal bites you but does no damage.
The jackal bites you.
You hit the jackal.
You kill the jackal!
The jackal bites you but does no damage. x2
You closely miss the jackal.
The jackal bites you but does no damage.
You miss the jackal. The jackal barely misses you. x2
You hit the jackal.
The jackal is heavily wounded.
The jackal bites you but does no damage.
You miss the jackal.
The jackal is heavily wounded.
The jackal barely misses you. The jackal closely misses you.
You hit the jackal.
You kill the jackal!
No target in view!
No target in view!
Annotate which branch? (. - D:1, ? - help, ! - show branch list)
Okay, then.
Are you sure you want to abandon this character and quit the game? (Confirm with "yes".)

####.#. #.##.#. ###.##.#.
# #........ #. #......##
... #......## .>..
###.....[.. .....
#########..........
......##)@..............#.
#.......†#####.)##.......~
#h....#### #...########.##
..... ###.# ##..~~~. ....
#.# #~.#~#~. ... #.#
#.##~~~~ .. #.# #.#~~~.~ #
#.# #.'~~~~~ #.## #.'~~~._


There were no monsters in sight!

Vanquished Creatures
  2 ball pythons (D:1)
  An endoplasm (D:1)
  A giant cockroach (D:1)
  2 goblins (D:1)
  A hobgoblin (D:1)
  3 jackals (D:1)
  A kobold (D:1)
  A spectral kobold (D:1)
12 creatures vanquished.

Notes
Turn   | Place    | Note
-------+----------+-------------------------------------------
     0 | D:1      | Anonymone the Demonspawn Venom Mage began the quest for the
                  | Orb.
     0 | D:1      | Reached XP level 1. HP: 13/13 MP: 3/3
    49 | D:1      | Reached skill level 1 in Transmutations
   269 | D:1      | Found a faded altar of an unknown god.
   378 | D:1      | Discovered your monstrous ancestry.
   378 | D:1      | Gained mutation: You have a pair of small antennae on your
                  | head. [demonic ancestry]
   378 | D:1      | Reached XP level 2. HP: 19/19 MP: 3/5
   392 | D:1      | Quit the game

Illustrated notes

Levels and vault maps discovered:
D:1:      dpeg_arrival_boxes_within_box, layout_rooms,
          dreamdust_ecumenical_altar_drowned_temple

Skill      XL: |  1 |
---------------+----+-----
Transmutations | 1 |  1.0
Armour         | |  0.7
Dodging        | |  1.8
Stealth        | |  1.8
Spellcasting   | |  2.2
Poison Magic   | |  3.2

Action                     || total
---------------------------++-------
  Melee: Unarmed           ||    31
         Whip              ||    14
   Cast: Sting             ||    14
 Armour: Robe              ||    10
         Leather armour    ||    12
  Dodge: Dodged            ||    43

Table legend: (Time is in decaauts)
 A = Elapsed time spent in this place.
 B = Non-inter-level travel time spent in this place.
 C = Inter-level travel time spent in this place.
 D = Time resting spent in this place.
 E = Time spent auto-exploring this place.
 F = Levels seen in this place.
 G = Mean time per level.
                   A        B        C        D        E       F      G
               +--------+--------+--------+--------+--------+-----+--------+
         Total |    397 |    397 |      0 |      0 |    261 |   1 |  397.0 |
       Dungeon |    397 |    397 |      0 |      0 |    261 |   1 |  397.0 |
               +--------+--------+--------+--------+--------+-----+--------+

Top non-repeatable levels by time:
     D:1: 397 daAuts
